 Dungeon Crawl Stone Soup version 0.19.4-8-ga85b6b9 (webtiles) character file.

35 Naow the Caller (level 3, -8/19 HPs)
             Began as a Deep Elf Summoner on Feb 11, 2017.
             Mangled by an orc warrior
             ... wielding a +0 short sword
              (18 damage)
             ... on level 2 of the Dungeon.
             The game lasted 00:03:14 (1965 turns).

Naow the Caller (Deep Elf Summoner)                 Turns: 1965, Time: 00:03:14

Health: -8/19      AC:  2    Str:  5    XL:     3   Next: 16%
Magic:  2/10       EV: 13    Int: 20    God:
Gold:   79         SH:  0    Dex: 15    Spells: 2 memorised, 6 levels left

rFire  . . .     SeeInvis .     (no weapon)
rCold  . . .     Gourm    .     a - +0 robe
rNeg   . . .     Faith    .     (no shield)
rPois  .         Spirit   .     (no helmet)
rElec  .         Reflect  .     (no cloak)
rCorr  .         Harm     .     (no gloves)
MR     .....                    (no boots)
Stlth  ++........               (no amulet)
                                (no ring)
                                (no ring)

@: no status effects
A: no striking features
a: no special abilities


You were on level 2 of the Dungeon.
You were not hungry.

You visited 1 branch of the dungeon, and saw 3 of its levels.

You collected 79 gold pieces.

Inventory:

Armour
 a - a +0 robe (worn)
Jewellery
 l - a cursed ring of ice {unknown}
Scrolls
 e - 3 scrolls of remove curse {unknown}
 k - a scroll of teleportation {unknown}
Potions
 h - a potion of degeneration {unknown}
 j - a potion of ambrosia {unknown}
Books
 b - a book of Callings

   Spells                             Type                      Level
   a - Summon Small Mammal            Summoning                    1
   b - Call Imp                       Summoning                    2
   c - Call Canine Familiar           Summoning                    3
   d - Summon Guardian Golem          Hexes/Summoning              3
   e - Summon Lightning Spire         Summoning/Air                4
   f - Summon Ice Beast               Ice/Summoning                4
Comestibles
 c - a bread ration
 d - 4 meat rations
 f - 4 fruits
 i - a beef jerky
 m - 3 chunks of flesh


   Skills:
 - Level 2.4 Dodging
 - Level 2.4 Stealth
 + Level 3.5 Spellcasting
 * Level 5.3 Summonings


You had 6 spell levels left.
You knew the following spells:

 Your Spells              Type           Power        Failure   Level  Hunger
a - Summon Small Mammal   Summ           ###.         1%          1    None
b - Call Imp              Summ           ###.....     2%          2    ##.....


Dungeon Overview and Level Annotations

Branches:
Dungeon (3/15)

Altars:


Message History

You feel sick.
There is a stone staircase leading up here.
Something hits your crimson imp but does no damage.
Your crimson imp blinks!
The orc warrior barely misses you.
You climb upwards.
* * * LOW HITPOINT WARNING * * *
You feel sick.
There is a stone staircase leading down here.
It was a potion of curing.
You feel better. The orc warrior barely misses you.
Casting: Call Imp
Confirm with . or Enter, or press ? or * to list all spells.
You don't know that spell.
Unknown command.
Casting: Call Imp
Confirm with . or Enter, or press ? or * to list all spells.
A beastly little devil appears in a puff of frigid air.
The orc warrior hits you with a short sword!!
Ouch! That really hurt!
You die...

.###...#.....#.###.........#
..>....................[...#
.#........###...##.........#
...........##...##.........# ####
##.....#...)....##.........###...
#.....#.........................
##.......###................##...
.#.....#..###.5.#.รท.............#
.#.....#...##...@o####.........##
.#...........<...................
.#.....#[.#####).......####...###
..######..# #...........(...### #
...#####..###.....####.(##### #
................#.# #.(### #
.####........(###.####....# # .#
##..............##.).#.##### # ##
#........####........#.....# #


You could see an orc warrior and a friendly white imp.

Vanquished Creatures (collateral kills)
  An adder (D:3)
  An ooze (D:1)
  A dart slug (D:1)
  A ball python (D:1)
  2 giant cockroaches
  10 goblins
  3 hobgoblins
  2 jackals (D:2)
  8 bats (D:1)
  4 frilled lizards
  4 kobolds
  3 rats (D:2)
40 creatures vanquished.

Notes
Turn   | Place    | Note
-------+----------+-------------------------------------------
     0 | D:1      | Naow the Deep Elf Summoner began the quest for the Orb.
     0 | D:1      | Reached XP level 1. HP: 10/10 MP: 6/6
   276 | D:1      | Reached XP level 2. HP: 15/15 MP: 4/8
   842 | D:1      | Reached skill level 5 in Summonings
  1165 | D:1      | Learned a level 2 spell: Call Imp
  1854 | D:3      | Reached XP level 3. HP: 19/19 MP: 5/10
  1947 | D:3      | Noticed an orc warrior
  1965 | D:2      | Mangled by an orc warrior

Skill      XL: |  1  2 |
---------------+-------+-----
Summonings     | 5 |  5.3
Dodging        | |  2.4
Stealth        | |  2.4
Spellcasting   | |  3.5

Action                   || total
-------------------------++-------
Melee: Unarmed           ||    23
 Cast: Summon Small Mamm ||    84
       Call Imp          ||    11
  Use: Potion            ||     1
  Eat: Chunk             ||     3
Armor: Robe              ||    18
Dodge: Dodged            ||    66
